 Dungeon Crawl Stone Soup version 0.30.1-8-g117510f58f (webtiles) character file.

Game seed: 1297828456904624528

34 NullDivider the Stinger (level 3, -7/21 HPs)
             Began as an Octopode Venom Mage on Sept 22, 2023.
             Killed by nerve-wracking pain
             ... invoked by Jessica
              (14 damage)
             ... on level 2 of the Dungeon.
             The game lasted 00:05:54 (1433 turns).

NullDivider the Stinger (Octopode Venom Mage)       Turns: 1433, Time: 00:05:55

Health: -7/21      AC:  1    Str:  7    XL:     3   Next: 31%
Magic:  0/6        EV: 13    Int: 17    God:
Gold:   33         SH:  0    Dex: 14    Spells: 0/6 levels left

rFire   . . .        (no weapon)
rCold   . . .        (no shield)
rNeg    . . .        (helmet restricted)
rPois   .            (no amulet)
rElec   .            (no ring)
rCorr   .            (no ring)
SInv    .            (no ring)
Will    .....        (no ring)
Stlth   +++          (no ring)
HPRegen 0.23/turn    (no ring)
MPRegen 0.10/turn    (no ring)
                     (no ring)

%: no passive effects
@: very slightly contaminated
A: almost no armour, amphibious, 8 rings, camouflage 1, gelatinous body 1,
(nimble swimmer 1), tentacles
a: no special abilities


You were on level 2 of the Dungeon.
You visited 1 branch of the dungeon, and saw 2 of its levels.

You collected 33 gold pieces.

Inventory:

Wands
 h - a wand of charming (9)
Scrolls
 b - a scroll of identify {unknown}
 d - a scroll of amnesia {unknown}
 f - a scroll of blinking {unknown}
 g - a scroll of brand weapon {unknown}
Potions
 a - a potion of magic
 c - 4 potions of degeneration {unknown}
 e - a potion of curing
 i - a potion of haste {unknown}


   Skills:
 + Level 2.4 Dodging
 + Level 3.4 Stealth
 + Level 2.3 Spellcasting
 - Level 1.0 Transmutations
 + Level 0.8 Air Magic
 + Level 4.0 Poison Magic


You couldn't memorise any spells.
You knew the following spells:

 Your Spells              Type           Power      Damage    Failure   Level
a - Sting                 Tmut/Pois      40%        1d5       7%          1
b - Poisonous Vapours     Pois/Air       20%        N/A       11%         2
c - Mephitic Cloud        Conj/Pois/Air  7%         N/A       28%         3

Your spell library contained the following spells:

 Spells                   Type           Power      Damage    Failure   Level
 Olgreb's Toxic Radiance  Pois           15%        N/A       34%         4


Dungeon Overview and Level Annotations

Branches:
Dungeon (2/15)

Altars:

Annotations:
D:2 Jessica


Innate Abilities, Weirdness & Mutations

You cannot wear most types of armour.
You are amphibious.
You can wear up to eight rings at the same time.
Your skin changes colour to match your surroundings (Stealth+).
Your rubbery body absorbs attacks. (AC +1, EV +1)
((You are camouflaged when in or above water. (Stealth+)))
You have tentacles for arms and can constrict up to eight enemies at once.


Message History

Aim: a frilled lizard (chance to affect: 96%)
The ball explodes into a vile cloud!
The stinking cloud engulfs the frilled lizard but does no damage.
The stinking cloud engulfs Jessica but does no damage.
The frilled lizard is engulfed in noxious fumes.
The frilled lizard appears confused.
Jessica is engulfed in noxious fumes.
Jessica appears confused.
You tentacle-slap the frilled lizard but do no damage.
Your grab misses the frilled lizard.
The frilled lizard is engulfed in noxious fumes.
The frilled lizard appears confused.
The frilled lizard bites you but does no damage.
Jessica is engulfed in noxious fumes.
Jessica appears confused.
Jessica closely misses the frilled lizard.
You tentacle-slap the frilled lizard.
You kill the frilled lizard!
Jessica is engulfed in noxious fumes.
Jessica appears confused.
You tentacle-slap Jessica but do no damage.
Your grab misses Jessica.
Jessica is engulfed in noxious fumes.
Jessica appears confused.
Jessica drinks a potion.
Jessica seems less confused.
You barely miss Jessica. You grab Jessica.
You constrict Jessica, but do no damage.
Jessica hits you with a +0 dagger.
You barely miss Jessica.
You constrict Jessica, but do no damage.
Jessica points at you and mumbles some strange words.
Pain shoots through your body!
You barely miss Jessica.
You constrict Jessica, but do no damage.
Jessica casts a spell at you.
You barely resist.
You tentacle-slap Jessica but do no damage.
You squeeze Jessica.
Jessica is moderately wounded.
You constrict Jessica.
Jessica mumbles something strange.
Jessica gestures at you while chanting. Pain shoots through your body!
Ouch! That really hurt!
You die...

..........
#..##..... #..#
#.## #.## #..#
#.#####.# #..#
....)...# ..#
#.#####.. ..#
....# #.# #.#.#
#@#
#.#.############@#
#.#...)..........#
..################
###


You could see Jessica.

Vanquished Creatures
  5 ball pythons
  4 bats (D:1)
  3 endoplasms (D:1)
  A giant cockroach (D:1)
  2 goblins (D:1)
  4 hobgoblins (D:1)
  3 kobolds
  2 quokkas (D:2)
  2 frilled lizards
  2 rats (D:1)
28 creatures vanquished.

Notes
Turn   | Place    | Note
-------+----------+-------------------------------------------
     0 | D:1      | NullDivider the Octopode Venom Mage began the quest for the
                  | Orb.
     0 | D:1      | Reached XP level 1. HP: 11/11 MP: 3/3
   110 | D:1      | Reached XP level 2. HP: 17/17 MP: 3/5
   133 | D:1      | Learned a level 2 spell: Poisonous Vapours
   825 | D:1      | Reached XP level 3. HP: 17/21 MP: 4/6
   846 | D:1      | Learned a level 3 spell: Mephitic Cloud
   906 | D:1      | Reached skill level 4 in Poison Magic
  1424 | D:2      | Noticed Jessica
  1433 | D:2      | Killed from afar by Jessica

Illustrated notes

Levels and vault maps discovered:
D:1:      ncdulo_halloftheorcs, layout_basic, st_stairs_14
D:2:      layout_loops_ring, minmay_misc_feat_alley,
          chequers_serial_rivers_room_a, minmay_gold_behind_fungi,
          kennysheep_generic_room_14, uniq_robin, uniq_jessica

Skill      XL: |  1  2  3 |
---------------+----------+-----
Stealth        | 3 |  3.4
Poison Magic   | 4 |  4.0
Dodging        | |  2.4
Spellcasting   | |  2.3
Transmutations | |  1.0
Air Magic      | |  0.8

Action                     || total
---------------------------++-------
  Melee: Unarmed           ||    55
         Constrict         ||    14
         Tentacles         ||    16
   Cast: Sting             ||    14
         Mephitic Cloud    ||     1
   Stab: Sleeping          ||     9
 Armour: Skin              ||     8
  Dodge: Dodged            ||    23
